 Dungeon Crawl Stone Soup version 0.15.0-14-g6bbbb5c (console) character file.

20 gw the Cutter (level 2, -6/16 HPs)
             Began as a Vine Stalker Gladiator on Sept 4, 2014.
             Mangled by Crazy Yiuf
             ... wielding a +4 quarterstaff of chaos
              (8 damage)
             ... on Level 2 of the Dungeon.
             The game lasted 00:00:35 (842 turns).

gw the Cutter (Vine Stalker Gladiator)               Turns: 842, Time: 00:00:35

HP  -6/16        AC  4     Str 17      XL: 2   Next: 79%
MP   0/3         EV 11     Int  8      God:
Gold 0           SH  0     Dex 14      Spells:  0 memorised,  1 level left

rFire  . . .     SeeInvis .     a - +0 cutlass
rCold  . . .     Clarity  .     b - +0 leather armour
rNeg   . . .     rCorr    .     (no shield)
rPois  .         rRot     +     c - +0 helmet
rElec  .         Spirit   +     (no cloak)
SustAb .         Warding  .     (no gloves)
rMut   .         Stasis   .     (no boots)
Gourm  .                        (no amulet)
MR     .....                    (no ring)
                                (no ring)

@: lethally poisoned, drained, not resistant to hostile enchantments, very
unstealthy
A: fangs 2, regeneration 1, magic shield, antimagic bite, no device heal 3, rot
immunity
a: no special abilities


You were on level 2 of the Dungeon.
You were not hungry.

You visited 1 branch of the dungeon, and saw 2 of its levels.

Inventory:

Hand weapons
 a - a +0 cutlass (weapon)
Missiles
 d - 3 throwing nets
Armour
 b - a +0 leather armour (worn)
 c - a +0 helmet (worn)
Comestibles
 f - 2 bread rations
 g - 2 slices of pizza
 j - a beef jerky
Scrolls
 h - a scroll of noise
 i - a scroll of identify
Potions
 e - a potion of flight {unknown}
 k - a potion of might {unknown}


   Skills:
 + Level 2.3(1.8) Fighting
 - Level 2.6(2.2) Short Blades
 + Level 2.2(1.8) Throwing
 + Level 2.5(2.0) Dodging


You had one spell level left.
You didn't know any spells.

Dungeon Overview and Level Annotations

Branches:
Dungeon (2/15)

Altars:

Annotations:
D:2 Crazy Yiuf


Innate Abilities, Weirdness & Mutations

You have extremely sharp teeth.
Your natural rate of healing is unusually fast.
When hurt, damage is shared between your health and your magic reserves.
Your bite disrupts and absorbs the magic of your enemies.
Potions and wands cannot restore your health.
You are immune to rotting.


Message History

Crazy Yiuf hits you with a quarterstaff of chaos.
FLEEEEING!
ATTACKING (0,-1)
You hit Crazy Yiuf but do no damage.
Crazy Yiuf is moderately wounded.
Crazy Yiuf misses you.
FLEEEEING!
ATTACKING (0,-1)
You barely miss Crazy Yiuf.
Crazy Yiuf is moderately wounded.
You feel sick.
Crazy Yiuf hits you with a quarterstaff of chaos.
FLEEEEING!
ATTACKING (0,-1)
You barely miss Crazy Yiuf. You bite Crazy Yiuf. You drain his power.
You feel invigorated.
Crazy Yiuf is moderately wounded.
Crazy Yiuf hits you with a quarterstaff of chaos!
Ouch! That really hurt!
You die...

#..## #..# ###
#..######.... .
#...........# ...
#.#########.# ..<
#.# #.# #.# #.#
#.# #.# #g# #.#
#.# #f# #.# #.#
#.# ##.####.# #.#
#.......#
#.########.....)..
#........<.#######
############ #


You could see Crazy Yiuf.

Table legend:
 A = Turns spent in this place as a percentage of turns spent in the entire game.
 B = Non-inter-level travel turns spent in this place as a percentage of non-inter-level travel turns spent in the entire game.
 C = Inter-level travel turns spent in this place as a percentage of turns spent in this place.
 D = Turns resting spent in this place as a percentage of non-inter-level travel turns spent in this place.
 E = Turns spent auto-exploring this place as a percentage of non-inter-level travel turns spent in this place.
 F = Non-inter-level travel turns spent in this place divided by the number of levels of this place that you've seen.
                   A       B       C       D       E      F
               +-------+-------+-------+-------+-------+----------------------
         Total | 100.0 | 100.0 |   1.7 |   4.5 |  17.0 | 144.0
       Dungeon | 100.0 | 100.0 |   1.7 |   4.5 |  17.0 | 144.0
               +-------+-------+-------+-------+-------+----------------------

Table legend:
 A = Kills in this place as a percentage of kills in entire the game.
 B = Kills by you in this place as a percentage of kills by you in the entire game.
 C = Kills by friends in this place as a percentage of kills by friends in the entire game.
 D = Other kills in this place as a percentage of other kills in the entire game.
 E = Experience gained in this place as a percentage of experience gained in the entire game.
 F = Experience gained in this place divided by the number of levels of this place that you have seen.
                   A       B       C       D       E      F
               +-------+-------+-------+-------+-------+----------------------
         Total | 100.0 | 100.0 |  -nan |  -nan | 100.0 |  14.5
       Dungeon | 100.0 | 100.0 |  -nan |  -nan | 100.0 |  14.5
               +-------+-------+-------+-------+-------+----------------------

Vanquished Creatures
  An ooze (D:1)
  2 giant cockroaches (D:1)
  4 goblins (D:1)
  A hobgoblin (D:1)
  3 kobolds (D:1)
  4 bats
  A giant newt (D:2)
  3 rats (D:1)
19 creatures vanquished.

Notes
Turn   | Place    | Note
--------------------------------------------------------------
     0 | D:1      | gw, the Vine Stalker Gladiator, began the quest for the Orb.
     0 | D:1      | Reached XP level 1. HP: 11/11 MP: 1/1
   156 | D:1      | Reached XP level 2. HP: 15/15 MP: 3/3
   806 | D:2      | Noticed Crazy Yiuf
   842 | D:2      | Mangled by Crazy Yiuf

Action                   || total
-------------------------++-------
Melee: Cutlass           ||    70
Throw: Stone             ||    19
  Use: Scroll            ||     4
       Potion            ||     2

Vault maps used:
D:1:      dpeg_chamrin_arrival_tetris, minmay_misc_feat_alley
D:2:      nicolae_overflow_hidden_temple, uniq_crazy_yiuf_cottage
